Map: Arctic Dream LE

Players

BhySloth

  • Race: Zerg Zerg
  • League: Diamond
  • Spawn Location: 11:00

Thunderchild

  • Race: Terran Terran
  • League: Silver
  • Spawn Location: 12:00

Ferd - Winner!

  • Race: Protoss Protoss
  • League: Silver
  • Spawn Location: 5:00

HenpeT - Winner!

  • Race: Terran Terran
  • League: Diamond
  • Spawn Location: 6:00

VOD

Have the link to the VOD?

Description

T+P won

Time

  • Played on: Sept. 28, 2020, 2:03 p.m.
  • Length: 12:38
Show
View Real Time Build Order
Export as new Build Order

BhySloth Zerg 

Build Orders: Hatch First, Muta Ling Bane 

Get SALT Encoding   

  12  0:01  Drone  
  13  0:15  Overlord  
  13  0:18  Drone  
  14  0:33  Drone  
  14  0:34  Drone  
  16  0:37  Drone  
  17  0:48  Overlord  
  17  0:59  Hatchery  
  16  1:10  Drone x2  
  18  1:24  Extractor  
  18  1:25  Spawning Pool, Drone  
  17  1:32  Drone  
  18  1:42  Drone  
  19  1:58  Drone  
  20  2:06  Drone  
  21  2:12  Queen x2  
  21  2:13  Zergling x4  
  27  2:32  Drone x2  
  27  2:33  Hatchery  
  27  2:36  Drone  
  29  2:41  Drone  
  30  2:45  Drone  
  30  2:46  Drone  
  32  2:51  Metabolic Boost  
  32  2:57  Drone  
  32  2:58  Drone  
  34  3:05  Lair  
  34  3:10  Drone x2  
  36  3:21  Overlord  
  36  3:22  Overlord  
  36  3:29  Overlord  
  36  3:39  Queen, Drone x2  
  36  3:40  Drone x3  
  42  3:47  Drone x2  
  43  3:56  Drone x6  
  49  4:05  Drone x2  
  49  4:06  Extractor, Baneling Nest  
  49  4:07  Extractor  
  48  4:12  Evolution Chamber  
  48  4:13  Drone x2  
  48  4:14  Evolution Chamber  
  48  4:15  Drone  
  49  4:31  Drone x7  
  56  4:39  Queen  
  56  4:42  Queen  
  56  4:44  Overlord x2  
  60  4:48  Zerg Melee Weapons Level 1  
  60  4:52  Zerg Ground Armor Level 1  
  60  4:56  Centrifical Hooks  
  60  5:05  Queen  
  62  5:08  Overlord, Zergling x2  
  62  5:09  Zergling x8  
  62  5:12  Drone x2  
  69  5:18  Queen  
  71  5:21  Drone  
  71  5:22  Drone x3  
  71  5:27  Zergling x4  
  77  5:33  Drone  
  77  5:34  Drone x2  
  77  5:35  Extractor  
  79  5:41  Zergling x2  
  79  5:42  Hatchery  
  79  5:48  Zergling x4  
  81  5:55  Zergling x2  
  81  5:56  Zergling x10  
  83  5:59  Zergling x6  
  86  6:11  Zergling x2  
  86  6:12  Zergling x4  
  89  6:20  Baneling x3  
  89  6:21  Baneling  
  89  6:22  Baneling x23  
  89  6:23  Overlord x6  
  89  6:24  Overlord  
  89  6:35  Overlord  
  89  6:36  Overlord x4  
  89  6:42  Extractor  
  89  6:43  Extractor  
  89  6:44  Drone  
  88  6:49  Zergling x6  
  91  6:54  Hatchery  
  90  7:03  Drone x9  
  99  7:11  Spire  
  99  7:14  Spire  
  97  7:16  Infestation Pit, Drone  
  97  7:27  Zergling x2  
  97  7:28  Zergling x20  
  99  7:43  Zergling x20  
  97  8:00  Zerg Ground Armor Level 2  
  97  8:01  Zerg Melee Weapons Level 2  
  97  8:04  Hive  
  97  8:05  Pneumatized Carapace  
  97  8:07  Zergling x4  
  97  8:08  Zergling x16  
  107  8:14  Drone x4  
  111  8:31  Mutalisk  
  111  8:32  Mutalisk x5  
  121  8:35  Zerg Flyer Weapons Level 1  
  121  8:49  Baneling x5  
  121  8:50  Zergling x16  
  121  8:51  Zergling x4  
  131  9:00  Hatchery, Drone x4  
  122  9:14  Mutalisk  
  122  9:15  Mutalisk x4  
  120  9:23  Drone x7  
  127  9:27  Drone x3  
  130  9:37  Mutalisk  
  130  9:38  Mutalisk x2  
  135  9:57  Zergling x34  
  145  10:09  Zergling x18  
  145  10:12  Baneling x3  
  135  10:21  Baneling  
  135  10:22  Baneling x17  
  111  10:31  Baneling x6  
  111  10:32  Baneling x2  
  106  10:36  Zergling x26  
  119  10:51  Baneling x10  
  119  10:54  Zergling x12  
  119  10:55  Zergling x2, Baneling x4  
  119  10:56  Baneling x3  
  126  10:58  Zergling x2  
  126  10:59  Zergling x2  
  122  11:10  Zergling x10  
  122  11:11  Zergling x6  
  103  11:13  Zergling x6  
  93  11:21  Zergling x12  
  95  11:26  Zergling x2  
  86  11:33  Zergling x6  
  79  11:40  Zergling x2  
  79  11:41  Zergling x10  
  79  11:46  Zergling x6  
  79  12:00  Hatchery, Zergling x2  
Show
View Real Time Build Order
Export as new Build Order

Thunderchild Terran 

Build Orders:  

Get SALT Encoding   

  12  0:02  SCV  
  13  0:26  Supply Depot, SCV  
  14  0:35  Supply Depot  
  14  0:38  SCV  
  15  0:50  SCV  
  15  0:52  Barracks  
  16  1:03  Refinery  
  17  1:04  SCV  
  17  1:16  SCV  
  18  1:28  SCV  
  19  1:33  Refinery  
  19  1:38  Marine  
  20  1:40  SCV  
  21  1:52  SCV  
  22  1:56  Marine  
  23  2:04  SCV  
  24  2:14  Marine  
  25  2:16  SCV  
  26  2:29  Factory  
  26  2:32  Marine  
  27  2:49  Command Center  
  27  2:50  Marine  
  28  3:07  Marine  
  29  3:16  Factory Reactor, Starport  
  29  3:25  Marine  
  25  4:11  Starport Reactor  
  25  4:13  Starport Tech Lab  
  25  4:18  Marine  
  25  4:20  Fusion Core  
  25  4:22  Orbital Command  
  27  4:24  SCV  
  27  4:35  Marine  
  27  4:36  SCV  
  29  4:48  Command Center, SCV  
  30  4:53  Marine  
  30  4:59  Widow Mine x2  
  35  5:00  SCV  
  36  5:11  Battlecruiser, Marine  
  36  5:12  SCV  
  44  5:15  Supply Depot  
  44  5:20  Widow Mine  
  45  5:29  Marine  
  46  5:37  Widow Mine, SCV  
  46  5:38  Supply Depot  
  46  5:42  Widow Mine  
  51  5:49  SCV  
  35  5:59  Widow Mine  
  35  6:00  SCV  
  35  6:01  SCV  
  39  6:09  Engineering Bay  
  39  6:12  SCV  
  39  6:13  SCV  
  41  6:22  Refinery  
  41  6:24  SCV  
  42  6:25  SCV  
  37  6:36  SCV  
  36  6:49  SCV  
  37  7:03  Missile Turret  
  37  7:07  Missile Turret  
  37  7:08  SCV  
  38  7:20  SCV  
  39  7:29  Missile Turret  
  39  7:32  SCV  
  44  7:44  SCV  
  45  7:56  SCV  
  42  8:08  SCV  
  42  8:10  Orbital Command  
  43  8:20  SCV  
  44  8:32  SCV  
  45  8:44  SCV  
  40  9:03  Battlecruiser  
  46  9:15  Refinery  
  46  9:32  Starport  
  46  9:34  Weapon Refit  
  46  9:48  Command Center  
  46  9:55  Refinery  
  46  10:07  Viking  
  42  10:37  Viking  
  42  11:09  Viking  
  42  11:10  Viking  
  38  11:39  Viking  
  40  11:40  Viking  
  40  11:42  Marine  
  37  12:00  Marine  
  38  12:03  Refinery  
  38  12:18  Marine  
Show
View Real Time Build Order
Export as new Build Order

Ferd Protoss - Winner!

Build Orders: 1 Gate Expand 

Get SALT Encoding   

  12  0:01  Probe  
  13  0:15  Probe  
  13  0:20  Pylon  
  14  0:27  Probe  
  15  0:42  Gateway  
  15  0:50  Gateway  
  15  0:55  Probe  
  15  0:56  Assimilator  
  16  1:08  Probe  
  17  1:20  Probe  
  18  1:32  Probe  
  19  1:37  Nexus  
  19  1:58  Cybernetics Core  
  19  2:03  Assimilator  
  19  2:06  Probe  
  20  2:13  Zealot  
  22  2:21  Pylon  
  22  2:25  Probe  
  23  2:35  Warp Gate (Chrono Boost)  
  23  2:39  Pylon, Probe, Zealot  
  26  2:48  Robotics Facility  
  26  3:00  Probe x2  
  29  3:12  Probe  
  29  3:13  Probe, Forge  
  30  3:25  Probe x2 (Chrono Boost)  
  32  3:33  Assimilator  
  32  3:37  Probe (Chrono Boost)  
  32  3:39  Assimilator  
  34  3:42  Stalker  
  34  3:43  Probe (Chrono Boost)  
  34  3:45  Probe (Chrono Boost)  
  37  3:49  Probe (Chrono Boost)  
  34  4:18  Immortal  
  34  4:22  Probe x2  
  40  4:34  Probe x2  
  42  4:41  Pylon  
  42  4:45  Photon Cannon  
  42  4:46  Photon Cannon  
  42  4:55  Immortal (Chrono Boost), Photon Cannon  
  46  5:04  Shield Battery  
  46  5:07  Shield Battery  
  46  5:17  Photon Cannon  
  46  5:24  Sentry x2  
  46  5:26  Immortal  
  46  5:27  Pylon  
  54  5:41  Probe x2  
  56  5:53  Probe  
  56  5:56  Gateway  
  57  5:58  Gateway  
  57  6:01  Photon Cannon  
  57  6:04  Photon Cannon  
  57  6:06  Photon Cannon  
  57  6:18  Pylon, Probe x2  
  59  6:29  Robotics Facility  
  59  6:40  Stalker x2  
  59  6:45  Immortal  
  67  6:53  Protoss Ground Weapons Level 1  
  67  7:09  Gateway  
  67  7:12  Gateway  
  67  7:17  Stalker  
  67  7:18  Stalker x3  
  75  7:38  Pylon, Immortal x2  
  75  7:41  Pylon  
  75  8:04  Stalker x3  
  75  8:05  Stalker x2  
  85  8:17  Immortal  
  89  8:34  Nexus  
  89  8:37  Pylon  
  89  8:39  Pylon  
  89  8:42  Pylon  
  89  8:46  Pylon  
  89  8:48  Assimilator  
  89  8:53  Assimilator  
  89  9:01  Protoss Shields Level 1  
  89  9:28  Stalker x2  
  89  9:29  Stalker x2  
  89  9:30  Stalker x2  
  101  9:34  Immortal x2  
  109  10:13  Immortal  
  111  10:36  Stalker  
  111  10:37  Stalker x3  
  111  10:38  Sentry  
  111  10:39  Sentry  
  123  10:56  Probe  
  123  10:57  Probe x2  
  125  11:02  Photon Cannon  
  125  11:03  Photon Cannon  
  123  11:04  Photon Cannon  
  123  11:06  Photon Cannon  
  123  11:09  Probe x3, Photon Cannon  
  112  11:13  Photon Cannon  
  112  11:14  Photon Cannon  
  107  11:19  Photon Cannon  
  107  11:21  Probe x2  
  107  11:23  Shield Battery  
  107  11:24  Stalker x2  
  112  11:26  Stalker  
  96  11:57  Stalker x2  
  96  11:58  Stalker x4  
Show
View Real Time Build Order
Export as new Build Order

HenpeT Terran - Winner!

Build Orders:  

Get SALT Encoding   

  12  0:00  SCV  
  13  0:13  SCV  
  14  0:17  Supply Depot  
  14  0:25  SCV  
  15  0:39  SCV  
  15  0:41  Barracks  
  16  0:51  SCV  
  17  0:57  Refinery  
  17  1:03  SCV  
  18  1:15  SCV  
  19  1:32  Orbital Command  
  19  1:33  Marine  
  20  1:46  Command Center  
  20  1:50  Barracks  
  20  1:58  SCV  
  21  2:09  Barracks Reactor  
  21  2:12  Refinery  
  21  2:14  Supply Depot, SCV  
  22  2:26  SCV  
  22  2:28  Factory  
  23  2:37  Barracks Tech Lab  
  23  2:38  SCV  
  24  2:46  Marine  
  24  2:47  Marine  
  24  2:50  SCV  
  27  2:58  Orbital Command  
  27  3:00  Stimpack  
  27  3:02  SCV  
  27  3:03  Marine  
  29  3:14  SCV  
  29  3:15  Starport  
  30  3:25  Factory Reactor  
  30  3:26  SCV, Marine x3  
  34  3:30  SCV  
  35  3:38  SCV  
  36  3:44  Marine x2  
  36  3:46  Marine  
  39  3:50  SCV  
  40  3:56  SCV  
  40  4:01  Marine  
  42  4:03  SCV  
  43  4:12  Supply Depot  
  43  4:15  Supply Depot  
  43  4:18  SCV x2  
  43  4:19  Reaper  
  43  4:23  Marine x2  
  43  4:24  Medivac x2  
  52  4:30  SCV x2  
  54  4:31  Factory Tech Lab  
  54  4:39  Combat Shield  
  54  4:41  Marine  
  54  4:42  Supply Depot, SCV x2, Marine  
  58  4:51  Marine  
  59  4:54  SCV  
  59  4:59  Marine  
  61  5:01  Marauder  
  61  5:05  Siege Tank  
  66  5:09  Marine  
  66  5:12  Command Center  
  67  5:14  SCV  
  67  5:15  SCV  
  67  5:17  Marine  
  67  5:19  Medivac  
  72  5:22  Marine  
  72  5:27  Marine  
  74  5:29  Barracks  
  74  5:35  Supply Depot, Refinery, Marine  
  75  5:39  Marine  
  76  5:47  Marine  
  76  5:48  Siege Tank  
  78  5:53  Marine  
  78  5:57  Marine  
  78  6:02  SCV  
  80  6:04  Engineering Bay, Marine  
  80  6:05  Engineering Bay  
  80  6:06  SCV  
  80  6:11  Marine  
  83  6:15  Marine  
  83  6:17  Supply Depot, Barracks  
  84  6:18  Barracks Reactor  
  84  6:22  Marine  
  85  6:28  Marine  
  86  6:33  Marine  
  86  6:37  Siege Tank  
  90  6:41  Marine  
  90  6:43  Terran Infantry Armor Level 1, Terran Infantry Weapons Level 1  
  90  6:46  SCV x2  
  93  6:54  Marine x2  
  93  6:57  Medivac  
  93  7:00  SCV  
  98  7:06  Starport  
  98  7:08  Missile Turret  
  98  7:09  Refinery, Missile Turret  
  98  7:10  Marine x2  
  98  7:13  Barracks Reactor  
  100  7:18  Supply Depot  
  100  7:19  Supply Depot  
  100  7:20  Missile Turret  
  100  7:23  Marine x2  
  102  7:31  Marine x3  
  102  7:33  SCV  
  102  7:35  Orbital Command  
  106  7:42  SCV  
  107  7:45  SCV  
  108  7:54  Supply Depot, Armory, SCV  
  108  7:57  SCV  
  109  8:01  Supply Depot  
  109  8:02  Starport Reactor  
  109  8:03  Viking  
  112  8:05  SCV  
  112  8:06  SCV  
  112  8:07  Marine  
  112  8:08  Marine  
  112  8:09  SCV  
  116  8:14  Marine  
  116  8:15  Marine x3  
  116  8:18  SCV  
  116  8:19  Marine  
  122  8:25  Marine  
  122  8:26  Marine  
  121  8:32  Marine  
  109  8:42  Viking x2  
  108  8:48  Viking x2  
  108  8:49  Marine x2  
  113  9:00  SCV x3  
  114  9:07  Marine x2  
  114  9:08  Marine x3  
  114  9:09  Marauder  
  112  9:12  SCV x2  
  112  9:13  SCV  
  115  9:24  SCV x2  
  115  9:25  SCV  
  115  9:26  Marine x2  
  115  9:27  Marine x2  
  115  9:29  Medivac  
  124  9:36  SCV  
  124  9:37  SCV x2  
  127  9:43  Marine x2  
  127  9:44  Marauder  
  129  9:48  SCV  
  130  9:53  Marine x2  
  132  10:00  Marine x2  
  132  10:01  Viking x3  
  132  10:05  Marauder  
  123  10:08  Marine x2  
  123  10:09  Viking  
  123  10:14  Marine x2  
  129  10:15  SCV x3  
  130  10:26  Marauder  
  130  10:28  Marine x4  
  128  10:33  Refinery  
  128  10:34  Barracks x2  
  128  10:35  Refinery  
  129  10:36  Command Center  
  129  10:39  SCV x3  
  129  10:40  Armory  
  129  10:42  Viking x2  
  136  10:46  Barracks  
  136  10:48  Marauder  
  136  10:49  Marine x3  
  141  10:57  Supply Depot, Concussive Shells  
  141  10:58  Supply Depot  
  141  11:00  Supply Depot  
  141  11:05  SCV, Siege Tank  
  141  11:09  Marauder, Marine x5  
  141  11:10  Viking x2  
  120  11:17  Marine  
  121  11:20  SCV  
  121  11:23  SCV x2  
  124  11:27  Marine x2  
  124  11:28  Supply Depot x2, Marine x4  
  124  11:29  Marine  
  124  11:31  Marauder  
  133  11:34  Marine  
  132  11:49  Marine x3  
  132  11:50  Marine x2  
  132  11:52  Marauder, Marine  
  142  11:58  SCV x3, Marine  
  144  12:07  Refinery, Marine  
  145  12:08  Marine x2  
  145  12:09  Marine  
  145  12:10  SCV x2  
  145  12:12  Marine  
  145  12:13  Marauder, Marine x2  
  155  12:16  Marine  
  162  12:35  Barracks Tech Lab  
  167  12:36  Barracks Tech Lab  
Tags
 
Add a new tag
Caveats
  • Supply blocks, unpowered buildings, or Contaminate may cause inaccurate times.
  • Supply counts are checked every 10 seconds.